 Dungeon Crawl Stone Soup version 0.23.0-28-g6fe0f4dc8b (webtiles) character file.

Game seed: 0

39237 Reinor the Unseen (level 13, -2/70 HPs)
             Began as a Spriggan Enchanter on Feb 26, 2019.
             Was the Champion of Dithmenos.
             Killed from afar by a frost giant (20 damage)
             ... with a bolt of cold
             ... on level 15 of the Dungeon.
             The game lasted 01:28:27 (19456 turns).

Reinor the Unseen (Spriggan Enchanter)             Turns: 19456, Time: 01:28:28

Health: -2/70      AC:  4    Str:  4    XL:     13   Next: 68%
Magic:  18/32      EV: 30    Int: 22    God:    Dithmenos [******]
Gold:   844        SH:  0    Dex: 19    Spells: 8/24 levels left

rFire    . . .     SeeInvis +   T - +1 dagger (elec)
rCold    . . .     Gourm    .   (shield restricted)
rNeg     + . .     Faith    +   u - +2 robe {rN+}
rPois    .         Spirit   .   (helmet restricted)
rElec    .         Reflect  .   L - scarf {cloud immunity}
rCorr    .         Harm     .   (gloves unavailable)
MR       ++...                  (boots unavailable)
Stlth    ++++++++++             D - amulet of faith
HPRegen  0.21/turn              U - -2 ring of evasion (curse)
MPRegen  0.23/turn              J - ring of Pyfa {MP+9 Dex+3 Slay+3}

@: wreathed by umbra, very quick
A: very small, unfitting armour, see invisible, herbivore, speed 3, slow
metabolism 2
a: Shadow Step, Shadow Form, Renounce Religion


You were on level 15 of the Dungeon.
You worshipped Dithmenos.
Dithmenos was exalted by your worship.
You were not hungry.

You visited 2 branches of the dungeon, and saw 16 of its levels.

You collected 1043 gold pieces.
You spent 199 gold pieces at shops.

Inventory:

Hand Weapons
 m - a +0 hunting sling
 t - a +2 dagger of speed
 K - a +0 blowgun
 R - a +1 dagger of flaming
 T - a +1 dagger of electrocution (weapon)
 W - a +5 dagger of freezing
Missiles
 i - 407 stones (quivered)
 E - 11 curare-tipped needles
Armour
 s - the +8 orange crystal plate armour {Archmagi, Int+3 Clar}
   (You found it on level 5 of the Dungeon)

   It affects your intelligence (+3).
   It protects you against confusion.
 u - a +2 robe of positive energy (worn)
 L - a scarf of cloud immunity (worn)
 O - +0 acid dragon scales
 Q - a +1 buckler of protection
Jewellery
 e - a +5 ring of intelligence
 g - an uncursed ring of fire
 x - an uncursed ring of positive energy
 D - an amulet of faith (around neck)
 J - the ring of Pyfa (right hand) {MP+9 Dex+3 Slay+3}
   (You found it on level 11 of the Dungeon)

   [ring of dexterity]

   It affects your dexterity (+3).
   It affects your accuracy and damage with ranged weapons and melee attacks
   (+3).
   It affects your magic capacity (+9).
 S - an uncursed ring of protection from fire
 U - a cursed -2 ring of evasion (left hand)
 Y - an uncursed ring of resist corrosion
Wands
 h - a wand of iceblast (9)
 l - a wand of polymorph (10)
 F - a wand of digging (5)
 V - a wand of flame (9)
Scrolls
 c - 4 scrolls of blinking
 f - 5 scrolls of fog
 j - 12 scrolls of teleportation
 p - 4 scrolls of fear
 w - a scroll of vulnerability {unknown}
 y - a scroll of enchant weapon
 z - a scroll of noise {unknown}
 C - a scroll of magic mapping
 H - 3 scrolls of random uselessness {unknown}
 M - a scroll of torment {unknown}
 N - a scroll of enchant armour {unknown}
 X - a scroll of summoning {unknown}
Potions
 a - a potion of agility
 b - 3 potions of resistance
 k - 2 potions of might
 n - 6 potions of curing
 o - 4 potions of haste
 q - 4 potions of flight
 r - 3 potions of heal wounds
 v - a potion of berserk rage
 A - 3 potions of brilliance
 B - a potion of ambrosia
 G - a potion of cancellation
 I - 3 potions of mutation
Miscellaneous
 P - a phantom mirror
Comestibles
 d - 40 rations


   Skills:
 + Level 9.1 Fighting
 - Level 10.0 Short Blades
 - Level 15.0 Dodging
 + Level 18.4 Stealth
 - Level 6.0 Spellcasting
 - Level 3.0 Conjurations
 - Level 8.1 Hexes
 - Level 2.1 Translocations
 - Level 1.0 Ice Magic
 - Level 3.0 Air Magic
 - Level 3.0 Invocations


You had 8 spell levels left.
You knew the following spells:

 Your Spells              Type           Power        Failure   Level  Hunger
a - Dazzling Spray        Conj/Hex       ####..       2%          3    #......
b - Ensorcelled Hibernat  Hex/Ice        ####..       1%          2    None
c - Confuse               Hex            #####...     1%          3    #......
d - Tukima's Dance        Hex            #####...     1%          3    #......
e - Blink                 Tloc           N/A          5%          2    None
f - Mephitic Cloud        Conj/Pois/Air  ###.....     12%         3    #......

Your spell library contained the following spells:

 Spells                   Type           Power        Failure   Level  Hunger
 Corona                   Hex            #####..      1%          1    None
 Slow                     Hex            #####...     1%          2    None
 Magic Dart               Conj           ###.         2%          1    None
 Cause Fear               Hex            #####.....   3%          4    ###....
 Call Imp                 Summ           #.......     14%         2    None
 Conjure Flame            Conj/Fire      ##......     14%         3    #......
 Leda's Liquefaction      Hex/Erth       ###.......   17%         4    ###....
 Silence                  Hex/Air        ####......   26%         5    #####..
 Yara's Violent Unravell  Hex/Tmut       ###.......   43%         5    #####..
 Bolt of Magma            Conj/Fire/Erth ##........   86%         5    #####..
 Deflect Missiles         Chrm/Air       ##........   100%        6    ######.
 Iron Shot                Conj/Erth      ##........   100%        6    ######.
 Statue Form              Tmut/Erth      #........    100%        6    ######.
 Discord                  Hex            #####.....   100%        8    #######
 Shatter                  Erth           #.........   100%        9    #######


Dungeon Overview and Level Annotations

Branches:
Dungeon (15/15)            Temple (1/1) D:7            Lair (0/6) D:11
    Orc (0/2) D:12         Vaults (0/5) D:13         Depths (0/5) D:15

Altars:
Ashenzari
Cheibriados
Dithmenos
Elyvilon
Fedhas
Gozag
Hepliaklqana
Kikubaaqudgha
Makhleb
Nemelex Xobeh
Okawaru
Qazlal
Ru
Sif Muna
Trog
Uskayaw
Vehumet
Wu Jian
Xom
Yredelemnul
Zin
The Shining One

Shops:
D:4 *?=!(   D:10 (   D:12 (   D:14 [   D:15 *[((

Annotations:
D:2 1 runed translucent door
D:4 3 runed translucent doors, PeterQ's ghost, amateur GnGl; Skull's ghost, amateur DrFE; grerr's ghost, amateur DECj; mys's ghost, amateur FoCK
D:8 Gastronok


Innate Abilities, Weirdness & Mutations

You are very small and have problems with some larger weapons.
You are too small for most types of armour.
You have supernaturally acute eyesight. (SInv)
You are a herbivore.
You cover ground extremely quickly.
You need to consume almost no food.


Message History

Aiming: Mephitic Cloud (safe; 12% risk of failure)
Press: ? - help, Shift-Dir - straight line The ball explodes into a vile cloud!
The stinking cloud engulfs the frost giant but does no damage.
The frost giant is engulfed in noxious fumes.
The frost giant casts a spell at you. The bolt of cold hits you!!
* * * LOW HITPOINT WARNING * * *
You emit a cloud of dark smoke.
There is an open door, spattered with blood here.
Things that are here:
a +0 arbalest; 13 bolts You see here 2 arrows.
You start resting.
The frost giant is too close now for your liking.
The frost giant casts a spell at you. The bolt of cold misses you.
The frost giant gestures at you while chanting.
The bolt of cold hits you!!
You die...

####### ###########......)...).
##<# ######............ ##.#
##.....##.###......
...############.............#####
.............##..(..........#####
.............##...............<..
.....).......###.....##..........
.[.#############.#########.######
.))# ......§§#@# #.#.....
...##+###≈C○#§§#.# #.#.####
...##§§§#..[.§§#(# #.#.#
...##§§.'..≈##§C.# #.#.#
...##§§.#....§§### #.#.##
#####+###≈≈≈#.≈# #.#∩.#
c.......≈≈# #.#..# ###########
#.##.# #....#


You could see a frost giant.

Vanquished Creatures
  Josephine (D:15)
  A hydra (D:12)
  2 vault guards (D:13)
  2 centaur warriors
  A death knight (D:14)
  2 two-headed ogres
  A tengu warrior (D:13)
  4 unseen horrors
  Pikel (D:6)
  A deep elf mage (D:15)
  A wolf spider (D:14)
  8 ugly things
  3 necromancers (D:13)
  A cyclops (D:15)
  A wolf spider (shapeshifter) (D:13)
  A manticore (D:15)
  An elephant (D:11)
  Joseph (D:8)
  2 centaur zombies (D:14)
  2 gargoyles (D:15)
  A yaktaur (D:15)
  An efreet (D:15)
  A kobold demonologist (D:13)
  A komodo dragon (D:13)
  A tengu conjurer (D:13)
  2 freezing wraiths (D:14)
  5 trolls
  A polar bear (shapeshifter) (D:14)
  2 queen bees
  6 meliai
  A hornet (shapeshifter) (D:13)
  Prince Ribbit (D:6)
  3 slime creatures (D:13)
  Grinder (D:4)
  5 hippogriffs
  3 shadows
  19 humans (D:13)
  8 wraiths
  10 yaks
  3 wyverns
  Grum (D:8)
  4 vampire mosquitoes
  4 hungry ghosts
  Menkaure (D:7)
  An acid dragon (D:11)
  Duvessa (D:6)
  2 water moccasins
  2 ice beasts
  3 sky beasts
  2 slaves (D:6)
  A black bear (D:11)
  3 eyes of draining
  A hornet zombie (D:15)
  7 orc warriors
  2 wolves (D:8)
  A phantom (D:9)
  5 ogres
  8 centaurs
  2 necrophages
  2 crocodiles (D:11)
  4 big kobolds
  10 bullfrogs
  2 wyvern zombies
  A gnoll sergeant (D:13)
  2 wyvern skeletons
  2 scorpions
  Dowan (D:6)
  7 wights
  36 killer bees
  2 howler monkeys (D:11)
  10 crimson imps
  6 jellies
  2 quasits
  A bullfrog zombie (D:5)
  3 hounds
  8 orc priests
  2 bullfrog skeletons (D:10)
  4 iguanas
  8 orc wizards
  6 worker ants
  A hound zombie (D:9)
  A hound skeleton (D:11)
  11 adders
  11 gnolls
  6 shadow imps
  An ooze (D:3)
  An adder skeleton (D:6)
  3 adder zombies
  A worm (D:3)
  3 dart slugs
  4 leopard geckos
  55 orcs
  5 bats
  2 giant cockroaches
  6 goblins
  6 hobgoblins
  6 quokkas
  7 frilled lizards
  A giant cockroach zombie (D:6)
  3 jackal zombies
  29 kobolds
  A quokka skeleton (D:4)
  4 rats
450 creatures vanquished.

Vanquished Creatures (others)
  2 withered plants (D:4)
2 creatures vanquished.

Grand Total: 452 creatures vanquished

Notes
Turn   | Place    | Note
-------+----------+-------------------------------------------
     0 | D:1      | Reinor the Spriggan Enchanter began the quest for the Orb.
     0 | D:1      | Reached XP level 1. HP: 9/9 MP: 5/5
   906 | D:1      | Reached XP level 2. HP: 13/13 MP: 6/6
   910 | D:1      | Learned a level 2 spell: Ensorcelled Hibernation
   940 | D:1      | Reached skill level 5 in Stealth
  1534 | D:2      | Noticed a human
  1535 | D:2      | Found a runed translucent door.
  1539 | D:2      | Found a basalt altar of Yredelemnul.
  1679 | D:2      | Reached XP level 3. HP: 16/16 MP: 8/8
  2370 | D:3      | Reached skill level 6 in Stealth
  2398 | D:3      | Reached XP level 4. HP: 21/21 MP: 6/9
  2956 | D:3      | Found a faded altar of an unknown god.
  3326 | D:3      | Reached skill level 7 in Stealth
  3426 | D:4      | Learned a level 3 spell: Dazzling Spray
  3430 | D:4      | Learned a level 3 spell: Confuse
  3447 | D:4      | Found Kamopret's Jewellery Shoppe.
  3519 | D:4      | Found Plog's Assorted Antiques.
  3524 | D:4      | Bought a scroll of identify for 46 gold pieces
  3552 | D:4      | Reached XP level 5. HP: 24/24 MP: 10/10
  3553 | D:4      | Found Vahypij's Magic Scroll Shop.
  3650 | D:4      | Bought a scroll of blinking for 82 gold pieces
  3650 | D:4      | Bought a scroll of magic mapping for 38 gold pieces
  3697 | D:4      | Found a runed translucent gate.
  3698 | D:4      | Found a runed translucent gate.
  3698 | D:4      | Found a runed translucent gate.
  3699 | D:4      | Noticed Skull's ghost (amateur DrFE)
  3700 | D:4      | Noticed PeterQ's ghost (amateur GnGl)
  3700 | D:4      | Noticed grerr's ghost (amateur DECj)
  3700 | D:4      | Noticed mys's ghost (amateur FoCK)
  3811 | D:4      | Found Vueq Rukk's Distillery.
  3822 | D:4      | Bought a potion of curing for 33 gold pieces
  3835 | D:4      | Found Guipose's Antique Weapon Boutique.
  4256 | D:5      | Entered Level 5 of the Dungeon
  4256 | D:5      | Noticed Grinder
  4606 | D:5      | HP: 1/24 [big kobold/+2 dagger of speed (8)]
  4926 | D:5      | Noticed a necrophage
  4951 | D:5      | Killed a necrophage
  4951 | D:5      | Reached skill level 8 in Stealth
  4951 | D:5      | Reached XP level 6. HP: 28/28 MP: 11/11
  5035 | D:5      | Reached skill level 5 in Short Blades
  5041 | D:5      | Noticed a hungry ghost
  5197 | D:5      | Killed a hungry ghost
  5197 | D:5      | Reached XP level 7. HP: 29/32 MP: 3/14
  5451 | D:5      | Found the +8 orange crystal plate armour {Archmagi, Int+3
                  | Clar}
  5528 | D:4      | Killed Grinder
  5528 | D:4      | Reached skill level 5 in Spellcasting
  5528 | D:4      | Reached skill level 5 in Hexes
  6151 | D:6      | Reached skill level 9 in Stealth
  6155 | D:6      | Noticed Pikel
  6442 | D:6      | Killed Pikel
  6442 | D:6      | Reached skill level 10 in Stealth
  6442 | D:6      | Reached XP level 8. HP: 36/36 MP: 8/16
  6817 | D:6      | Noticed Dowan
  6818 | D:6      | Noticed Duvessa
  6885 | D:6      | Found a blossoming altar of Fedhas.
  6961 | D:6      | Reached skill level 11 in Stealth
  7041 | D:6      | You fall through a shaft for 2 floors!
  7047 | D:8      | Noticed a hippogriff
  7083 | D:8      | Killed a hippogriff
  7083 | D:8      | Reached XP level 9. HP: 36/39 MP: 2/17
  7211 | D:7      | You fall through a shaft for 3 floors!
  7211 | D:10     | Entered Level 10 of the Dungeon
  7224 | D:10     | Found Foleiruth's Weapon Emporium.
  7338 | D:9      | Learned a level 3 spell: Tukima's Dance
  7598 | D:9      | Reached skill level 12 in Stealth
  7613 | D:9      | Reached skill level 1 in Fighting
  8066 | D:9      | Reached skill level 10 in Dodging
  8066 | D:9      | Reached skill level 1 in Conjurations
  8066 | D:9      | Reached skill level 1 in Ice Magic
  8156 | D:8      | Found a sacrificial altar of Ru.
  8173 | D:7      | Noticed Menkaure
  8304 | D:7      | Killed Menkaure
  8388 | D:7      | Reached XP level 10. HP: 48/48 MP: 13/18
  8504 | D:7      | You fall through a shaft for 3 floors!
  8723 | D:10     | Reached skill level 13 in Stealth
  9455 | D:8      | Noticed Gastronok
  9466 | D:8      | Noticed Grum
  9824 | D:7      | Found a staircase to the Ecumenical Temple.
  9842 | Temple   | Entered the Ecumenical Temple
  9878 | Temple   | Became a worshipper of Dithmenos the Shadowed
 10003 | D:6      | Reached skill level 14 in Stealth
 10156 | D:6      | Noticed Prince Ribbit
 10160 | D:6      | Killed Prince Ribbit
 10363 | D:6      | Killed Dowan
 10363 | D:6      | Reached skill level 5 in Fighting
 10373 | D:6      | Killed Duvessa
 10373 | D:6      | Reached * piety under Dithmenos
 11202 | D:8      | Killed Grum
 11587 | D:7      | Reached skill level 15 in Stealth
 12063 | D:8      | Noticed Joseph
 12286 | D:8      | Killed Joseph
 12286 | D:8      | Reached XP level 11. HP: 51/56 MP: 14/20
 12440 | D:10     | Reached ** piety under Dithmenos
 13063 | D:11     | Got a warped platinum ring
 13064 | D:11     | Identified the ring of Pyfa {MP+9 Dex+3 Slay+3} (You found
                  | it on level 11 of the Dungeon)
 13086 | D:11     | Found a staircase to the Lair.
 13353 | D:11     | Noticed a white ugly thing
 13360 | D:11     | Killed a white ugly thing
 13430 | D:11     | Noticed a two-headed ogre
 13452 | D:11     | Killed a two-headed ogre
 13765 | D:11     | Reached *** piety under Dithmenos
 14123 | D:12     | Found a staircase to the Orcish Mines.
 14147 | D:12     | Noticed a six-headed hydra
 14191 | D:12     | Killed a six-headed hydra
 14296 | D:12     | Learned a level 2 spell: Blink
 14300 | D:12     | Learned a level 3 spell: Mephitic Cloud
 14335 | D:12     | Reached skill level 1 in Invocations
 14668 | D:12     | Found Uqiwka's Weapon Shoppe.
 14731 | D:12     | Reached skill level 10 in Short Blades
 14979 | D:13     | Noticed an unseen horror
 14984 | D:13     | Reached skill level 1 in Translocations
 14986 | D:13     | Reached **** piety under Dithmenos
 15010 | D:13     | Noticed a centaur warrior
 15026 | D:13     | Reached skill level 1 in Air Magic
 15050 | D:12     | Killed an unseen horror
 15281 | D:13     | Killed a centaur warrior
 15330 | D:13     | Noticed a green ugly thing
 15349 | D:13     | Killed a green ugly thing
 15349 | D:13     | Reached XP level 12. HP: 61/61 MP: 22/22
 15687 | D:13     | Noticed a two-headed ogre
 15696 | D:13     | Killed a two-headed ogre
 15999 | D:13     | Noticed a tengu warrior
 16025 | D:13     | Killed a tengu warrior
 16036 | D:13     | Reached ***** piety under Dithmenos
 16281 | D:13     | Reached skill level 15 in Dodging
 16282 | D:13     | Found a gate to the Vaults.
 16283 | D:13     | Noticed a vault guard
 16288 | D:13     | Noticed a vault guard
 16298 | D:13     | Killed a vault guard
 16771 | D:13     | Killed a vault guard
 16783 | D:14     | Found Uchudgh's Armour Emporium.
 16796 | D:14     | Reached skill level 16 in Stealth
 16901 | D:14     | Noticed a death knight
 16961 | D:14     | Reached XP level 13. HP: 61/67 MP: 23/23
 17633 | D:14     | Found a shimmering altar of Xom.
 17865 | D:14     | Reached skill level 17 in Stealth
 18031 | D:15     | Entered Level 15 of the Dungeon
 18234 | D:15     | Found Yntan's Antique Weapon Shop.
 18292 | D:15     | Noticed Josephine
 18328 | D:15     | Killed Josephine
 18558 | D:15     | Found Zaoker's Weapon Boutique.
 18592 | D:15     | Found Zaxzugg's Antique Armour Boutique.
 18980 | D:15     | Reached skill level 18 in Stealth
 19308 | D:15     | Found Gotyotah's Assorted Antiques.
 19397 | D:15     | Found a staircase to the Depths.
 19397 | D:15     | Noticed a frost giant
 19445 | D:15     | Reached ****** piety under Dithmenos
 19456 | D:15     | Killed from afar by a frost giant

Skill      XL: |  1  2  3  4  5  6  7  8  9 10 11 12 13 |
---------------+----------------------------------------+-----
Stealth        | 5 6 7 8 10 11 12 15 16 18 | 18.4
Short Blades   | 2 3 4 5 6 7 8 10 | 10.0
Spellcasting   | 4 5 6 |  6.0
Hexes          | 4 5 8 |  8.1
Dodging        | 6 7 10 12 15 | 15.0
Fighting       | 2 6 7 9 |  9.1
Conjurations   | 1 3 |  3.0
Ice Magic      | 1 |  1.0
Invocations    | 2 3 |  3.0
Translocations | 2 |  2.1
Air Magic      | 2 3 |  3.0

Action                   |  1- 3 |  4- 6 |  7- 9 | 10-12 | 13-15 || total
-------------------------+-------+-------+-------+-------+-------++-------
Melee: Dagger            |   158 |   144 |   171 |   743 |   120 ||  1336
Throw: Stone             |       |       |       |     1 |       ||     1
 Cast: Corona            |    14 |     2 |       |       |       ||    16
       Ensorcelled Hiber |     4 |    43 |    41 |   164 |    45 ||   297
       Confuse           |       |     3 |    24 |    65 |    38 ||   130
       Dazzling Spray    |       |       |       |     3 |     3 ||     6
       Mephitic Cloud    |       |       |       |     1 |    14 ||    15
Invok: Shadow Step       |       |       |       |     2 |       ||     2
Evoke: Wand              |       |       |       |    10 |     5 ||    15
  Use: Scroll            |     6 |     3 |     3 |     7 |     2 ||    21
       Potion            |     2 |       |       |     2 |     1 ||     5
 Stab: Sleeping          |    10 |    30 |    38 |   132 |    34 ||   244
       Distracted        |     1 |       |     1 |    12 |       ||    14
       Confused          |       |     1 |    14 |    44 |    30 ||    89
       Invisible         |       |       |       |     2 |       ||     2
  Eat: Ration            |       |     2 |     3 |     4 |     2 ||    11
Armor: Robe              |    23 |    10 |     3 |    14 |     1 ||    51
Dodge: Dodged            |   111 |    72 |    96 |   431 |   127 ||   837
